Map: Lerilak Crest

Players

Darklitearch

  • Race: Protoss Protoss
  • League: Gold

Toons - Winner!

  • Race: Protoss Protoss
  • League: Gold

VOD

Have the link to the VOD?

Description

Time

  • Played on: Jan. 30, 2016, 2:31 a.m.
  • Length: 11:38
Show
View Real Time Build Order
Export as new Build Order

Darklitearch Protoss 

Build Orders: 1 Gate Expand 

Get SALT Encoding   

  12  0:01  Probe (Chrono Boost)  
  13  0:12  Probe (Chrono Boost)  
  14  0:18  Pylon  
  14  0:23  Probe (Chrono Boost)  
  15  0:36  Probe (Chrono Boost)  
  15  0:38  Gateway  
  16  0:47  Probe (Chrono Boost)  
  16  0:49  Assimilator  
  17  0:57  Probe (Chrono Boost)  
  18  1:08  Probe (Chrono Boost)  
  19  1:29  Probe (Chrono Boost)  
  19  1:30  Nexus  
  20  1:43  Cybernetics Core  
  20  1:45  Probe (Chrono Boost)  
  21  1:51  Assimilator  
  21  2:02  Probe (Chrono Boost)  
  21  2:05  Pylon  
  22  2:12  Probe (Chrono Boost)  
  23  2:30  Warp Gate (Chrono Boost)  
  23  2:31  Mothership Core (Chrono Boost)  
  23  2:32  Adept  
  27  2:45  Gateway  
  27  2:49  Probe  
  27  2:59  Adept (Chrono Boost)  
  27  3:00  Probe  
  27  3:02  Probe  
  31  3:06  Pylon  
  31  3:12  Probe  
  32  3:36  Probe, Stalker (Chrono Boost)  
  32  3:37  Probe  
  32  3:38  Stalker (Chrono Boost)  
  38  3:41  Gateway  
  38  3:47  Probe  
  39  3:55  Robotics Facility  
  39  4:00  Pylon  
  39  4:20  Probe  
  39  4:21  Probe  
  37  4:30  Probe  
  37  4:33  Probe, Adept x2  
  43  4:41  Stalker  
  43  4:42  Probe  
  43  4:44  Warp Prism (Chrono Boost)  
  49  4:45  Probe  
  49  4:50  Pylon  
  49  4:54  Probe  
  49  4:55  Gateway  
  49  4:57  Probe  
  51  5:06  Probe  
  52  5:09  Pylon, Probe  
  52  5:11  Stalker  
  52  5:12  Sentry  
  52  5:13  Sentry  
  59  5:18  Probe  
  60  5:22  Probe  
  60  5:24  Assimilator  
  52  5:51  Stalker x3  
  58  6:03  Gateway  
  58  6:10  Stalker  
  60  6:17  Stalker x3  
  64  6:43  Stalker x3  
  64  6:44  Stalker  
  48  7:01  Stalker  
  48  7:04  Immortal (Chrono Boost)  
  54  7:11  Stalker x4  
  54  7:14  Probe x2  
  64  7:43  Adept x2  
  68  7:44  Adept  
  70  8:02  Immortal (Chrono Boost)  
  72  8:06  Probe  
  72  8:07  Probe  
  70  8:18  Probe  
  70  8:19  Gateway, Probe  
  72  8:21  Assimilator  
  72  8:22  Pylon, Stalker x3  
  72  8:24  Pylon  
  78  8:49  Probe  
  78  8:53  Forge  
  78  8:55  Pylon  
  79  8:57  Stalker x3  
  79  8:58  Stalker x2  
  89  9:06  Gateway  
  89  9:09  Gateway  
  89  9:16  Pylon  
  85  9:24  Stalker x2  
  85  9:25  Stalker x2  
  93  9:37  Stalker  
  95  9:43  Probe x2  
  97  9:48  Stalker x3  
  97  9:50  Sentry  
  87  10:21  Stalker x2  
  87  10:22  Stalker x4  
  65  10:49  Stalker x4  
  63  10:50  Stalker  
  65  11:03  Stalker  
  67  11:07  Stalker  
  67  11:08  Stalker  
  71  11:13  Sentry x3  
Show
View Real Time Build Order
Export as new Build Order

Toons Protoss - Winner!

Build Orders: 1 Gate Expand 

Get SALT Encoding   

  12  0:01  Probe (Chrono Boost)  
  13  0:12  Probe (Chrono Boost)  
  14  0:18  Pylon  
  14  0:22  Probe (Chrono Boost)  
  15  0:37  Probe (Chrono Boost)  
  15  0:41  Gateway  
  16  0:44  Assimilator  
  16  0:47  Probe (Chrono Boost)  
  17  0:58  Probe (Chrono Boost)  
  18  1:09  Probe (Chrono Boost)  
  19  1:19  Probe (Chrono Boost)  
  20  1:34  Nexus  
  20  1:35  Probe (Chrono Boost)  
  21  1:44  Cybernetics Core  
  21  1:52  Probe (Chrono Boost)  
  22  1:58  Pylon  
  22  2:12  Gateway  
  22  2:15  Probe (Chrono Boost)  
  23  2:20  Adept  
  24  2:26  Probe (Chrono Boost)  
  25  2:30  Warp Gate  
  25  2:36  Assimilator, Probe (Chrono Boost)  
  26  2:55  Adept  
  28  3:06  Adept  
  28  3:07  Probe (Chrono Boost)  
  31  3:12  Robotics Facility  
  31  3:14  Probe (Chrono Boost)  
  31  3:18  Assimilator  
  32  3:22  Probe (Chrono Boost)  
  32  3:24  Probe (Chrono Boost)  
  32  3:36  Adept x2  
  32  3:38  Probe x2 (Chrono Boost)  
  38  3:44  Pylon  
  38  3:47  Stargate  
  38  3:50  Probe x2 (Chrono Boost)  
  39  4:21  Probe (Chrono Boost)  
  39  4:22  Probe (Chrono Boost)  
  41  4:30  Gateway  
  41  4:33  Gateway  
  41  4:34  Oracle  
  41  4:35  Pylon  
  41  4:36  Warp Prism  
  46  4:38  Probe (Chrono Boost)  
  46  4:39  Probe (Chrono Boost)  
  46  4:41  Assimilator  
  48  4:47  Pylon  
  48  4:54  Forge  
  48  4:59  Probe x2 (Chrono Boost)  
  50  5:04  Pylon  
  50  5:10  Stalker x2  
  54  5:18  Mothership Core (Chrono Boost), Probe (Chrono Boost)  
  54  5:21  Observer  
  58  5:29  Probe (Chrono Boost)  
  58  5:35  Stalker x2  
  63  5:42  Pylon  
  60  5:54  Immortal  
  64  5:57  Stalker x2  
  64  6:02  Zealot x2  
  68  6:20  Adept  
  68  6:24  Adept x3  
  73  6:38  Probe x2 (Chrono Boost)  
  70  6:43  Stalker  
  70  6:44  Stalker x3  
  62  7:02  Probe x2 (Chrono Boost)  
  64  7:09  Stalker x2  
  64  7:12  Protoss Ground Weapons Level 1  
  64  7:14  Nexus  
  68  7:27  Probe x2 (Chrono Boost)  
  70  7:30  Pylon  
  70  7:37  Probe (Chrono Boost)  
  70  7:38  Probe (Chrono Boost)  
  72  7:45  Pylon  
  72  7:46  Pylon  
  70  7:51  Stalker x4  
  75  8:15  Probe (Chrono Boost)  
  75  8:16  Probe (Chrono Boost)  
  75  8:19  Immortal  
  81  8:26  Probe (Chrono Boost)  
  82  8:32  Photon Cannon  
  82  8:40  Adept  
  84  8:49  Probe x2 (Chrono Boost)  
  84  8:50  Zealot x3  
  92  9:07  Protoss Ground Armor Level 1  
  86  9:19  Zealot x4  
  92  9:28  Immortal  
  92  9:29  Probe x3 (Chrono Boost)  
  97  9:47  Stalker x2  
  97  9:48  Stalker x2  
  105  9:53  Gateway x2  
  105  9:57  Gateway  
  99  10:13  Void Ray  
  97  10:15  Immortal  
  96  10:22  Stalker x3  
  96  10:23  Stalker  
  96  10:30  Probe x3 (Chrono Boost)  
  81  10:55  Stalker x2  
  81  10:56  Stalker x4  
  93  11:03  Twilight Council  
  97  11:21  Stalker x3  
  97  11:22  Stalker x3  
Tags
 
Add a new tag
Caveats
  • Supply blocks, unpowered buildings, or Contaminate may cause inaccurate times.
  • Supply counts are checked every 10 seconds.